Map: Triton LE

Players

llllllllllll (Trap) - Winner!

  • Race: Protoss Protoss
  • League: Master
  • Spawn Location: 11:00

Patience

  • Race: Protoss Protoss
  • League: Master
  • Spawn Location: 5:00

VOD

Have the link to the VOD?

Description

Time

  • Played on: Jan. 6, 2020, 8:51 p.m.
  • Length: 19:57
Show
View Real Time Build Order
Export as new Build Order

llllllllllll Protoss - Winner!

Build Orders: Phoenix Opening, Mass Phoenix 

Get SALT Encoding   

  12  0:00  Probe  
  13  0:12  Probe  
  14  0:18  Pylon  
  14  0:25  Probe (Chrono Boost)  
  15  0:37  Probe (Chrono Boost), Gateway  
  16  0:45  Probe (Chrono Boost)  
  16  0:46  Assimilator  
  17  0:51  Probe  
  17  0:55  Assimilator  
  18  1:03  Probe (Chrono Boost)  
  19  1:08  Gateway  
  19  1:13  Probe (Chrono Boost)  
  19  1:18  Probe (Chrono Boost)  
  21  1:26  Cybernetics Core  
  21  1:29  Probe  
  22  1:34  Pylon  
  22  1:41  Probe  
  23  1:53  Probe  
  24  2:02  Warp Gate, Adept x2  
  28  2:11  Pylon  
  28  2:27  Stargate  
  28  2:32  Adept x2  
  32  2:59  Pylon  
  32  3:02  Adept x2  
  36  3:11  Phoenix (Chrono Boost), Shield Battery  
  38  3:27  Phoenix (Chrono Boost), Shield Battery  
  39  3:34  Shield Battery  
  39  3:45  Nexus  
  39  3:54  Shield Battery  
  39  4:00  Phoenix  
  41  4:03  Probe  
  42  4:15  Probe  
  43  4:23  Twilight Council  
  43  4:27  Phoenix (Chrono Boost)  
  45  4:32  Pylon  
  45  4:43  Phoenix (Chrono Boost)  
  47  4:50  Probe  
  45  4:54  Adept  
  45  4:57  Adept  
  44  5:00  Probe  
  44  5:03  Probe  
  44  5:08  Phoenix (Chrono Boost)  
  46  5:15  Probe (Chrono Boost)  
  46  5:16  Probe (Chrono Boost)  
  48  5:24  Probe (Chrono Boost)  
  49  5:30  Phoenix (Chrono Boost), Probe  
  49  5:34  Probe  
  53  5:42  Probe  
  54  5:48  Phoenix, Probe  
  57  5:54  Probe  
  58  6:07  Probe x2 (Chrono Boost)  
  56  6:14  Robotics Facility  
  56  6:18  Pylon  
  56  6:19  Probe (Chrono Boost)  
  56  6:25  Probe (Chrono Boost), Adept x2  
  62  6:29  Probe (Chrono Boost)  
  62  6:36  Probe (Chrono Boost)  
  62  6:38  Probe (Chrono Boost)  
  61  6:43  Probe (Chrono Boost)  
  61  6:45  Probe (Chrono Boost)  
  60  6:49  Phoenix  
  60  6:52  Probe  
  63  6:55  Probe  
  64  7:02  Observer (Chrono Boost)  
  64  7:04  Probe  
  64  7:07  Probe  
  67  7:08  Gateway  
  67  7:09  Gateway  
  67  7:11  Assimilator  
  67  7:14  Phoenix  
  69  7:24  Stalker x2  
  69  7:27  Pylon  
  73  7:31  Warp Prism (Chrono Boost)  
  75  7:47  Stalker x2  
  75  7:48  Pylon  
  79  7:54  Pylon  
  79  8:00  Observer  
  79  8:04  Stalker x2  
  84  8:12  Probe x2 (Chrono Boost)  
  83  8:15  Stalker  
  83  8:16  Stalker  
  78  8:29  Stalker  
  78  8:30  Probe (Chrono Boost)  
  78  8:34  Probe (Chrono Boost)  
  74  8:36  Probe (Chrono Boost), Warp Prism (Chrono Boost)  
  52  9:07  Probe x2, Immortal (Chrono Boost)  
  52  9:09  Charge  
  58  9:12  Assimilator  
  58  9:20  Probe x2  
  58  9:22  Sentry  
  58  9:23  Zealot x3  
  68  9:36  Immortal (Chrono Boost)  
  72  9:44  Probe x2  
  74  9:53  Gateway  
  74  9:55  Templar Archives  
  74  10:02  Gateway  
  74  10:15  Zealot x3  
  74  10:19  Zealot  
  82  10:31  Pylon  
  82  10:35  Immortal (Chrono Boost)  
  86  10:54  High Templar x4  
  94  11:00  Zealot x2  
  94  11:01  Archon x2  
  96  11:09  Pylon  
  96  11:11  Immortal (Chrono Boost)  
  100  11:25  Pylon, Zealot  
  102  11:30  High Templar x2  
  102  11:31  Zealot x2  
  110  11:35  Archon, Zealot  
  110  11:47  Immortal (Chrono Boost)  
  112  12:00  Forge  
  111  12:20  Observer (Chrono Boost)  
  111  12:26  Probe x2  
  111  12:29  Protoss Ground Weapons Level 1 (Chrono Boost)  
  113  12:33  Pylon  
  113  12:36  High Templar x2  
  117  12:38  Nexus  
  117  12:39  Pylon  
  117  12:42  Immortal (Chrono Boost)  
  121  12:49  Probe x2  
  123  12:55  Photon Cannon  
  123  13:03  Probe x2  
  123  13:05  High Templar x2  
  129  13:09  Phoenix (Chrono Boost), Archon  
  131  13:30  Immortal  
  131  13:31  Phoenix (Chrono Boost)  
  135  13:36  Photon Cannon  
  135  13:43  Stargate  
  135  13:46  Probe x2  
  137  13:50  Phoenix (Chrono Boost)  
  139  14:09  Probe x3  
  140  14:12  Phoenix (Chrono Boost)  
  142  14:20  Archon, Assimilator  
  142  14:21  Probe x3, Assimilator  
  145  14:29  Phoenix (Chrono Boost)  
  145  14:30  Phoenix (Chrono Boost)  
  147  14:38  Pylon  
  148  14:40  Pylon  
  146  14:49  Probe x3  
  143  15:00  Assimilator  
  143  15:01  Probe x3  
  143  15:03  Assimilator  
  143  15:06  Phoenix x2 (Chrono Boost)  
  150  15:14  High Templar x2  
  152  15:16  Pylon  
  152  15:17  Pylon  
  152  15:19  Archon  
  152  15:20  Probe x3  
  157  15:23  Phoenix x2 (Chrono Boost)  
  159  15:29  Photon Cannon  
  159  15:35  Phoenix  
  154  16:05  Protoss Ground Weapons Level 2 (Chrono Boost), High Templar x2, Zealot x2  
  154  16:06  Zealot x2  
  154  16:10  Pylon, Archon  
  166  16:15  Pylon  
  166  16:24  Gateway x2  
  166  16:36  High Templar  
  166  16:37  High Templar, Zealot x2  
  166  16:39  Zealot  
  176  16:42  Archon  
  176  16:43  Zealot  
  176  16:44  Observer (Chrono Boost)  
  179  16:59  Observer (Chrono Boost)  
  160  17:25  High Templar x2, Zealot x6  
  160  17:29  Archon  
  174  17:30  Phoenix x2  
  143  17:54  Zealot x5  
  143  17:55  Phoenix x2, Zealot  
  139  18:06  Zealot x2  
  121  18:18  Immortal (Chrono Boost)  
  80  18:30  High Templar x2, Zealot x3  
  80  18:31  Zealot  
  86  18:38  Archon  
  78  18:43  Zealot  
  78  18:45  Zealot  
  82  18:50  Immortal (Chrono Boost)  
  86  19:00  High Templar  
  86  19:01  High Templar, Zealot x2  
  94  19:05  Archon, Zealot x2  
  97  19:10  Zealot  
  73  19:26  Zealot x5  
Show
View Real Time Build Order
Export as new Build Order

Patience Protoss 

Build Orders: Oracle Opening, Phoenix Opening 

Get SALT Encoding   

  12  0:00  Probe  
  13  0:13  Probe  
  14  0:16  Pylon  
  14  0:25  Probe (Chrono Boost)  
  15  0:37  Probe (Chrono Boost)  
  15  0:38  Gateway  
  16  0:44  Probe (Chrono Boost)  
  16  0:47  Assimilator  
  17  0:51  Probe  
  17  0:54  Assimilator  
  18  1:03  Probe (Chrono Boost)  
  19  1:09  Gateway  
  19  1:13  Probe (Chrono Boost)  
  19  1:18  Probe (Chrono Boost)  
  21  1:29  Cybernetics Core  
  21  1:30  Probe  
  22  1:37  Pylon  
  22  1:42  Probe  
  23  1:55  Probe  
  24  2:05  Adept x2  
  24  2:06  Warp Gate  
  24  2:07  Probe  
  29  2:13  Pylon  
  29  2:28  Stargate, Shield Battery  
  29  2:47  Stalker x2  
  33  3:01  Pylon  
  33  3:02  Shield Battery  
  33  3:08  Oracle (Chrono Boost)  
  36  3:18  Shield Battery  
  36  3:19  Probe  
  36  3:34  Nexus  
  36  3:42  Phoenix (Chrono Boost)  
  36  3:45  Probe  
  39  4:05  Phoenix (Chrono Boost)  
  39  4:07  Twilight Council  
  41  4:12  Adept  
  42  4:23  Adept  
  44  4:28  Phoenix (Chrono Boost)  
  46  4:36  Pylon  
  46  4:39  Pylon  
  46  4:47  Phoenix  
  46  5:07  Zealot x2  
  46  5:13  Dark Shrine  
  46  5:14  Probe  
  51  5:17  Probe  
  50  5:26  Probe  
  51  5:28  Phoenix (Chrono Boost)  
  51  5:29  Probe  
  54  5:41  Probe x2 (Chrono Boost)  
  56  5:46  Pylon  
  50  5:50  Phoenix  
  60  5:58  Adept  
  60  5:59  Adept  
  49  6:16  Phoenix (Chrono Boost)  
  51  6:37  Dark Templar  
  51  6:39  Probe  
  55  6:40  Probe  
  53  6:51  Gateway  
  53  6:52  Probe x2 (Chrono Boost)  
  53  7:00  Dark Templar  
  55  7:04  Probe x2 (Chrono Boost), Shield Battery  
  57  7:10  Stalker  
  57  7:12  Probe x2 (Chrono Boost)  
  61  7:18  Probe x2 (Chrono Boost)  
  61  7:30  Probe (Chrono Boost)  
  61  7:35  Pylon  
  61  7:36  Probe (Chrono Boost)  
  63  7:38  Probe (Chrono Boost)  
  63  7:42  Pylon  
  63  7:43  Probe (Chrono Boost)  
  63  7:44  Probe, Blink (Chrono Boost)  
  66  7:54  Probe, Forge  
  66  7:56  Assimilator  
  66  7:58  Stalker x2  
  69  8:05  Probe  
  70  8:06  Probe, Stalker  
  74  8:20  Probe x2  
  70  8:32  Stalker x3  
  74  8:40  Shield Battery  
  74  8:41  Shield Battery  
  66  8:55  Stalker x3  
  51  9:17  Probe x2  
  51  9:22  Dark Templar  
  55  9:27  Stalker  
  55  9:29  Probe, Shield Battery  
  55  9:30  Probe  
  59  9:34  Stalker  
  61  9:42  Photon Cannon  
  61  9:46  Probe x2  
  61  9:50  Protoss Ground Weapons Level 1 (Chrono Boost)  
  62  9:58  Stalker  
  64  10:00  Stalker  
  64  10:05  Stalker  
  68  10:14  Photon Cannon  
  68  10:23  Robotics Facility  
  68  10:30  Assimilator  
  65  10:36  Probe x2  
  64  10:45  Oracle (Chrono Boost)  
  64  10:48  Probe  
  68  11:02  Stalker x3  
  74  11:08  Photon Cannon x2  
  74  11:20  Shield Battery  
  74  11:21  Shield Battery  
  74  11:25  Observer (Chrono Boost)  
  75  11:27  Pylon  
  75  11:42  Warp Prism  
  75  11:43  Robotics Bay  
  75  11:57  Stalker x2  
  79  12:01  Stalker  
  82  12:15  Probe  
  82  12:16  Probe  
  83  12:27  Disruptor (Chrono Boost), Robotics Facility  
  83  12:28  Protoss Ground Weapons Level 2  
  83  12:34  Observer  
  86  12:51  Probe x2  
  88  12:54  Disruptor (Chrono Boost)  
  91  13:03  Nexus  
  91  13:05  Pylon  
  91  13:12  Pylon  
  91  13:20  Disruptor (Chrono Boost)  
  97  13:27  Observer  
  97  13:30  Disruptor (Chrono Boost)  
  97  13:45  Probe x2  
  97  13:47  Disruptor (Chrono Boost)  
  99  13:50  Photon Cannon  
  102  13:57  Probe x2  
  102  13:59  Disruptor (Chrono Boost)  
  102  14:01  Shield Battery  
  104  14:13  Dark Templar  
  106  14:23  Disruptor (Chrono Boost)  
  106  14:27  Disruptor (Chrono Boost)  
  106  14:29  Probe, Gateway  
  106  14:30  Probe, Gateway  
  111  14:33  Gateway  
  112  14:58  Colossus (Chrono Boost)  
  112  15:00  Probe x2  
  112  15:01  Probe  
  112  15:03  Extended Thermal Lance  
  112  15:06  Shield Battery  
  124  15:09  Colossus (Chrono Boost)  
  124  15:10  Pylon  
  124  15:14  Shield Battery  
  124  15:15  Probe  
  125  15:28  Probe x2  
  127  15:32  Dark Templar x3  
  131  15:46  Zealot  
  133  15:52  Pylon x2  
  131  16:01  Archon  
  129  16:07  Colossus (Chrono Boost)  
  129  16:10  Assimilator  
  133  16:11  Assimilator  
  133  16:16  Colossus (Chrono Boost)  
  139  16:20  Probe x3  
  140  16:35  Sentry  
  140  16:36  Zealot x3  
  148  16:42  Pylon  
  148  16:44  Pylon  
  148  16:49  Pylon  
  148  16:51  Charge  
  144  17:15  Zealot  
  144  17:16  Zealot x5  
  113  17:52  Stalker x5  
  87  18:16  Zealot x4  
  65  18:49  Dark Templar  
  65  18:50  Dark Templar  
  65  18:55  Dark Templar  
  67  19:20  Archon  
  58  19:26  Stalker  
  58  19:27  Stalker  
Tags
 
Add a new tag
Caveats
  • Supply blocks, unpowered buildings, or Contaminate may cause inaccurate times.
  • Supply counts are checked every 10 seconds.